 Dungeon Crawl Stone Soup version 0.22.1-1-ga44c0e5 (webtiles) character file.

76 Edwards80 the Cutter (level 4, -1/33 HPs)
             Began as a Demonspawn Assassin on Sept 23, 2018.
             Slain by Natasha (6 damage)
             ... on level 2 of the Dungeon.
             The game lasted 00:06:09 (1422 turns).

Edwards80 the Cutter (Demonspawn Assassin)          Turns: 1422, Time: 00:06:10

Health: -1/33      AC:  3    Str: 12    XL:     4   Next: 12%
Magic:  0/4        EV: 11    Int: 12    God:
Gold:   130        SH:  0    Dex: 15    Spells: 3/3 levels left

rFire    . . .     SeeInvis .   a - +2 dagger
rCold    . . .     Gourm    .   (no shield)
rNeg     . . .     Faith    .   c - +0 robe
rPois    .         Spirit   +   (helmet restricted)
rElec    .         Reflect  .   d - +0 cloak
rCorr    .         Harm     .   (no gloves)
MR       .....                  (no boots)
Stlth    ++........             (no amulet)
HPRegen  0.11/turn              (no ring)
MPRegen  0.09/turn              (no ring)

@: slowed, very slow
A: antennae 1, magic shield
a: no special abilities


You were on level 2 of the Dungeon.
You were not hungry.

You visited 1 branch of the dungeon, and saw 2 of its levels.

You collected 130 gold pieces.

Inventory:

Hand Weapons
 a - a +2 dagger (weapon)
 b - a +0 blowgun
 h - a +0 hunting sling
Missiles
 e - 6 poisoned needles
 f - 2 curare-tipped needles
Armour
 c - a +0 robe (worn)
 d - a +0 cloak (worn)
Scrolls
 i - a scroll of teleportation {unknown}
 j - a scroll of blinking {unknown}
 k - a scroll of magic mapping {unknown}
 m - a scroll of noise {unknown}
 n - 3 scrolls of identify {unknown}
Potions
 o - a potion of resistance
Comestibles
 g - a ration
 l - 3 chunks of flesh


   Skills:
 - Level 2.0 Fighting
 * Level 4.0 Short Blades
 - Level 1.7 Throwing
 - Level 0.8 Dodging
 - Level 3.6 Stealth


You had 3 spell levels left.
You didn't know any spells.
Your spell library was empty.

Dungeon Overview and Level Annotations

Branches:
Dungeon (2/15)

Altars:

Annotations:
D:2 Natasha


Innate Abilities, Weirdness & Mutations

You have a pair of small antennae on your head.
When hurt, damage is shared between your health and your magic reserves.


Message History

Natasha closely misses you.
You miss Natasha.
Natasha is moderately wounded.
The crimson imp blinks!
Natasha claws you.
The crimson imp lashes its tail.
Natasha stares at you and mumbles some strange words.
The magic dart hits you!
* * * LOW HITPOINT WARNING * * *
The crimson imp blinks!
You barely miss Natasha.
Natasha is severely wounded.
Natasha looks more healthy.
Natasha barely misses you.
You barely miss Natasha.
Natasha is severely wounded.
Natasha claws you.
* * * LOW HITPOINT WARNING * * *
You hit Natasha.
Natasha is almost dead.
Natasha claws you!
You die...

##.#.........#.##.
..........#..#.# #
#.............##.#
#............... #
#.###.......#.##.##
##.####....#........
...........(5......$
..........(#h####?..
##.####..#)#@# ..
......†...#
......[%.........
........?#.###...
#####......# #
........# #.........
#....##.#> #.#..
.#..


You could see Natasha and a crimson imp.

Vanquished Creatures
  Natasha (D:2)
  A dart slug (D:1)
  4 bats
  4 giant cockroaches
  8 goblins
  10 hobgoblins
  3 jackals (D:1)
  5 kobolds
  3 frilled lizards
  6 rats
45 creatures vanquished.

Notes
Turn   | Place    | Note
-------+----------+-------------------------------------------
     0 | D:1      | Edwards80 the Demonspawn Assassin began the quest for the
                  | Orb.
     0 | D:1      | Reached XP level 1. HP: 16/16 MP: 1/1
    16 | D:1      | Reached skill level 2 in Short Blades
   104 | D:1      | Gained mutation: When hurt, damage is shared between your
                  | health and your magic reserves. [demonic ancestry]
   104 | D:1      | Reached XP level 2. HP: 19/22 MP: 2/2
   592 | D:1      | Reached skill level 3 in Short Blades
   728 | D:1      | Reached XP level 3. HP: 24/27 MP: 1/3
  1204 | D:2      | Noticed Natasha
  1221 | D:2      | Killed Natasha
  1221 | D:2      | Reached skill level 4 in Short Blades
  1221 | D:2      | Gained mutation: You have a pair of small antennae on your
                  | head. [demonic ancestry]
  1221 | D:2      | Reached XP level 4. HP: 14/33 MP: 2/4
  1406 | D:2      | Noticed Natasha
  1422 | D:2      | Slain by Natasha

Skill      XL: |  1  2  3 |
---------------+----------+-----
Short Blades   | 2 3 4 |  4.0
Fighting       | |  2.0
Throwing       | |  1.7
Dodging        | |  0.8
Stealth        | |  3.6

Action                   |  1- 3 |  4- 6 || total
-------------------------+-------+-------++-------
Melee: Dagger            |   141 |    36 ||   177
 Fire: Blowgun           |     5 |     4 ||     9
 Stab: Sleeping          |     6 |       ||     6
       Distracted        |     1 |       ||     1
  Eat: Chunk             |     1 |     1 ||     2
Armor: Robe              |    15 |    10 ||    25
Dodge: Dodged            |    61 |    36 ||    97
